 Dungeon Crawl Stone Soup version 0.28.0-49-g6dfe1f597d (webtiles) character file.

Game seed: 10789542296790712840

1163 Zeld the Conjurer (level 8, 0/66 HPs)
             Began as a Red Draconian Conjurer on May 19, 2022.
             Succumbed to a water moccasin's poison
             ... on level 5 of the Dungeon.
             The game lasted 00:06:13 (6726 turns).

Zeld the Conjurer (Red Draconian Conjurer)          Turns: 6726, Time: 00:06:13

Health: 0/66       AC:  6    Str:  9    XL:     8   Next: 17%
Magic:  3/15       EV: 12    Int: 21    God:
Gold:   172        SH:  0    Dex: 10    Spells: 6/17 levels left

rFire   + + .      SeeInvis .   a - +3 scimitar
rCold   + . .      Faith    .   (no shield)
rNeg    . . .      Spirit   .   (armour unavailable)
rPois   +          Reflect  .   (helmet restricted)
rElec   +          Harm     .   (no cloak)
rCorr   +          Rampage  .   (no gloves)
Will    .....                   (no boots)
Stlth   ++........              (no amulet)
HPRegen 0.21/turn               (no ring)
MPRegen 0.14/turn               (no ring)

@: lethally poisoned (0 -> -5), resistant, attractive
A: breathe fire, AC +6, unfitting armour, fire resistance 1, cold-blooded
a: Breathe Fire


You were on level 5 of the Dungeon.
You visited 1 branch of the dungeon, and saw 5 of its levels.

You collected 172 gold pieces.

Inventory:

Hand Weapons
 a - a +3 scimitar (weapon)
Scrolls
 b - 2 scrolls of vulnerability {unknown}
 c - a scroll of fog {unknown}
 e - a scroll of enchant armour {unknown}
 i - a scroll of acquirement {unknown}
 j - 4 scrolls of identify {unknown}
 k - a scroll of teleportation {unknown}
 l - a scroll of noise {unknown}
Potions
 h - a potion of heal wounds {unknown}


   Skills:
 + Level 3.7 Fighting
 + Level 3.7 Dodging
 - Level 1.7 Stealth
 * Level 5.1 Spellcasting
 * Level 6.6 Conjurations
 - Level 2.0 Hexes
 - Level 2.0 Translocations


You had 6 spell levels left.
You knew the following spells:

 Your Spells              Type           Power      Damage    Failure   Level
a - Magic Dart            Conj           100%       1d8       1%          1
b - Searing Ray           Conj           66%        2d6       1%          2
c - Fulminant Prism       Conj/Hex       11%        3d9       19%         4
d - Iskenderun's Mystic   Conj/Tloc      23%        2d6       19%         4

Your spell library contained the following spells:

 Spells                   Type           Power      Damage    Failure   Level
 Dazzling Flash           Conj/Hex       46%        N/A       5%          3
 Ensorcelled Hibernation  Hex/Ice        18%        N/A       11%         2
 Corpse Rot               Necr/Air       10%        N/A       16%         2
 Passwall                 Tmut/Erth      4%         N/A       16%         2
 Swiftness                Air            5%         N/A       32%         3
 Cause Fear               Hex            6%         N/A       43%         4
 Dispel Undead            Necr           5%         3d7       71%         4
 Death Channel            Necr           2%         N/A       100%        6
 Dragon Form              Tmut           2%         N/A       100%        7
 Dragon's Call            Summ           2%         N/A       100%        9


Dungeon Overview and Level Annotations

Branches:
Dungeon (5/15)
 Temple: D:4-7

Altars:
Hepliaklqana
Makhleb
Nemelex Xobeh
Sif Muna
Trog

Shops:
D:1 [   D:3 =


Innate Abilities, Weirdness & Mutations

You can breathe blasts of fire.
Your fiery red scales are hard. (AC +6)
You cannot fit into any form of body armour.
Your flesh is heat resistant. (rF+)
You are cold-blooded and may be slowed by cold attacks.


Message History

The quasit claws you but does no damage.
Unknown command.
Casting: Iskenderun's Mystic Blast (dangerous; 19% risk of failure)
Confirm with . or Enter, or press ? or * to list all spells.
You erupt in a blast of force!
The mystic blast hits the goblin zombie!
You destroy the goblin zombie!
The mystic blast hits the quasit.
You kill the quasit!
The mystic blast hits the water moccasin!
You kill the water moccasin!
* * * LOW HITPOINT WARNING * * *
You feel sick.
Training target 2.0 for Hexes reached!
Your Spellcasting skill increases to level 5!
Your Hexes skill increases to level 2!
Unknown command.
Unknown command.
Unknown command.
It was a potion of attraction.
You feel attractive to monsters.
* * * LOW HITPOINT WARNING * * *
You feel sick.
An orc skeleton comes into view.
The orc skeleton is attracted toward you.
Unknown command.
Casting: Iskenderun's Mystic Blast (dangerous; 19% risk of failure)
Confirm with . or Enter, or press ? or * to list all spells.
You erupt in a blast of force!
The mystic blast hits the orc skeleton.
The orc skeleton is heavily damaged.
The orc skeleton is knocked back by the mystic blast.
The mystic blast hits the goblin skeleton!
You destroy the goblin skeleton!
The mystic blast hits the goblin skeleton!
The goblin skeleton is almost destroyed.
The goblin skeleton is knocked back by the mystic blast.
The goblin skeleton slams into the rock wall!
You destroy the goblin skeleton!
The sentinel's mark upon you fades away.
You die...

#.............
#........#....
#.(......#...#
#........#.#.#
##............#
...............
...............
##########....#.###
#.@.†..Z#..#..#.#
#.#####§#)....#.# #.
#.#<÷.#.#.#
..#####h####..#+##
............(......
.#.............#....
..#.##########?##....
'. .. #..# ...
######?## ##


You could see an orc skeleton.

Vanquished Creatures
  A yak (D:3)
  Eustachio (D:5)
  A water moccasin (D:5)
  A sky beast (D:4)
  A black bear (D:4)
  5 wights (D:4)
  A howler monkey (D:4)
  A quasit (D:5)
  3 hounds
  2 jellies
  Jessica (D:2)
  3 adders
  3 worms
  2 dart slugs
  8 orcs (D:4)
  7 ball pythons
  4 bats
  9 endoplasms
  2 giant cockroaches
  7 goblins
  8 hobgoblins
  2 jackals (D:1)
  3 quokkas
  4 frilled lizards
  3 goblin skeletons (D:5)
  A goblin zombie (D:5)
  A hobgoblin zombie (D:5)
  7 kobolds
  A kobold skeleton (D:5)
  9 rats
102 creatures vanquished.

Notes
Turn   | Place    | Note
-------+----------+-------------------------------------------
     0 | D:1      | Zeld the Draconian Conjurer began the quest for the Orb.
     0 | D:1      | Reached XP level 1. HP: 14/14 MP: 3/3
   217 | D:1      | Found Univa's Armour Boutique.
   290 | D:1      | Reached XP level 2. HP: 7/22 MP: 0/5
   593 | D:1      | Learned a level 2 spell: Searing Ray
  1094 | D:1      | Found a faded altar of an unknown god.
  1101 | D:1      | Reached skill level 1 in Fighting
  1283 | D:1      | Reached XP level 3. HP: 28/28 MP: 2/6
  2403 | D:2      | Noticed Jessica
  2407 | D:2      | Killed Jessica
  2408 | D:2      | Reached XP level 4. HP: 35/35 MP: 3/8
  3424 | D:3      | Found a burning altar of Makhleb.
  3473 | D:3      | Found a shimmering blue altar of Sif Muna.
  3607 | D:3      | Found Doezah's Jewellery Boutique.
  3672 | D:3      | Reached XP level 5. HP: 41/41 MP: 5/9
  3866 | D:3      | Reached skill level 5 in Conjurations
  3984 | D:3      | Found a bloodstained altar of Trog.
  3993 | D:3      | Found a hazy altar of Hepliaklqana.
  4162 | D:4      | Found a sparkling altar of Nemelex Xobeh.
  4335 | D:4      | Noticed a black bear
  4349 | D:4      | Killed a black bear
  4352 | D:4      | Reached XP level 6. HP: 31/50 MP: 1/11
  4357 | D:4      | Learned a level 4 spell: Fulminant Prism
  4364 | D:4      | Learned a level 4 spell: Iskenderun's Mystic Blast
  4595 | D:4      | Reached skill level 1 in Hexes
  4595 | D:4      | Reached skill level 1 in Translocations
  4595 | D:4      | Your scales start taking on a fiery red colour.
  4595 | D:4      | Reached XP level 7. HP: 20/56 MP: 0/13
  4595 | D:4      | Gained mutation: Your flesh is heat resistant. (rF+) [Red
                  | Draconian growth]
  4914 | D:4      | Noticed a yak
  4915 | D:4      | Noticed a yak
  4916 | D:4      | Noticed a yak
  5007 | D:3      | Killed a yak
  5008 | D:3      | Reached skill level 6 in Conjurations
  5830 | D:5      | Entered Level 5 of the Dungeon
  6294 | D:5      | Noticed Eustachio
  6376 | D:5      | Killed Eustachio
  6717 | D:5      | Reached XP level 8. HP: 54/63 MP: 9/15
  6724 | D:5      | HP: 3/63 [poisoned by a water moccasin]
  6725 | D:5      | Reached skill level 5 in Spellcasting
  6725 | D:5      | HP: 1/66 [poisoned by a water moccasin]
  6726 | D:5      | Succumbed to a water moccasin's poison

Illustrated notes

Levels and vault maps discovered:
D:1:      wander_arrival_desolate, layout_basic, serial_shops,
          nicolae_shop_behind_doors, dreamdust_ecumenical_altar_grove
D:2:      layout_rooms, uniq_jessica, uniq_robin
D:3:      layout_rooms, mainiacjoe_overflow_24_doors, mainiacjoe_overflow_paths,
          mainiacjoe_overflow_swirl, serial_shops,
          nicolae_shop_advertising_works [nicolae_subvault_shop_adworks],
          kennysheep_small_spiral
D:4:      layout_loops_ring, old_standard_altar
D:5:      layout_basic, nicolae_tso_besieged_by_evil, kennysheep_dice,
          uniq_eustachio

Skill      XL: |  1  2  3  4  5  6  7  8 |
---------------+-------------------------+-----
Dodging        | 2 3 |  3.7
Fighting       | 1 2 3 |  3.7
Spellcasting   | 3 4 5 |  5.1
Conjurations   | 5 6 |  6.6
Hexes          | 1 2 |  2.0
Translocations | 1 2 |  2.0
Stealth        | |  1.7

Action                   |  1- 3 |  4- 6 |  7- 9 || total
-------------------------+-------+-------+-------++-------
Melee: Unarmed           |    42 |    39 |       ||    81
       Tailslap          |    10 |     4 |     1 ||    15
       Punch             |       |     3 |       ||     3
       Scimitar          |       |       |     8 ||     8
 Cast: Magic Dart        |    47 |    17 |       ||    64
       Searing Ray       |    20 |    25 |    14 ||    59
       Iskenderun's Myst |       |       |     4 ||     4
 Abil: Breathe Fire      |       |       |     5 ||     5
  Use: Potion            |       |       |     3 ||     3
 Stab: Sleeping          |     1 |       |       ||     1
Armor: Skin              |    22 |    20 |    27 ||    69
Dodge: Dodged            |    47 |    44 |    45 ||   136
